| TOP OF THE 1ST |
|
Staten Island Yankees batting - Pitching for Everett AquaSox : LHP Chris Wheeler
|
|
Pitching: LHP Chris Wheeler
|
|
|
Batting: LHB Carlos Palau
|
0-0: Swinging Strike 0-1: Foul Ball, location: 2F 0-2: Ball 1-2: Ball 2-2: Fly out, F7 (Line Drive, 7S, EV 99.4 MPH)
|
|
Batting: RHB Norimoto Miyanishi
|
0-0: Ball 1-0: Called Strike 1-1: Ball 2-1: Ball 3-1: Called Strike 3-2: Strikes out looking
|
|
Batting: RHB Edite Leoni
|
0-0: SINGLE (Line Drive, 6D, EV 95.6 MPH)
|
|
Batting: RHB Brad Wren
|
0-0: Called Strike 0-1: Ball 1-1: Called Strike 1-2: Ball Wild Pitch! Edite Leoni to second 2-2: Ball 3-2: Foul Ball, location: 2F 3-2: Base on Balls
|
|
Batting: LHB Justin Short
|
0-0: Swinging Strike 0-1: Ball 1-1: Foul Ball, location: 2F 1-2: Ball 2-2: Fielders Choice at 2nd, 6-4 (Groundball, 6, EV 87.5 MPH)
|
| Top of the 1st over - 0 runs, 1 hit, 0 errors, 2 left on base; Staten Island 0 - Everett 0 |
| BOTTOM OF THE 1ST |
|
Everett AquaSox batting - Pitching for Staten Island Yankees : LHP Alex Ramirez
|
|
Pitching: LHP Alex Ramirez
|
|
|
Batting: RHB Tomokazu Sugimoto
|
0-0: Ball 1-0: Ball 2-0: Called Strike 2-1: Ball 3-1: Swinging Strike 3-2: Ground out 6-3 (Groundball, 6, EV 108.8 MPH)
|
|
Batting: RHB John Vasquez
|
0-0: Bunt missed! 0-1: Ball 1-1: Ball 2-1: Ball 3-1: Swinging Strike 3-2: SINGLE (Line Drive, 8RS, EV 104.4 MPH)
|
|
Batting: RHB Antonio Oyola
|
0-0: Called Strike John Vasquez steals 2nd base 0-1: Ground out 6-3 (Groundball, 6, EV 106.2 MPH)
|
|
Batting: RHB Bryan Alfaro
|
0-0: Called Strike 0-1: Ball 1-1: Called Strike 1-2: Foul Ball, location: 2F 1-2: Ball 2-2: Ground out U3 (Groundball, 34, EV 86.2 MPH)
|
| Bottom of the 1st over - 0 runs, 1 hit, 0 errors, 1 left on base; Staten Island 0 - Everett 0 |
| TOP OF THE 2ND |
|
Staten Island Yankees batting - Pitching for Everett AquaSox : LHP Chris Wheeler
|
|
Batting: RHB Jesus Ruiz
|
0-0: Ground out 6-3 (Groundball, 6, EV 89.4 MPH)
|
|
Batting: RHB Matt Thompson
|
0-0: Foul Ball, location: 2F 0-1: Called Strike 0-2: Ball 1-2: Foul Ball, location: 2F 1-2: Ground out 4-3 (Groundball, 34, EV 106.9 MPH)
|
|
Batting: RHB Danny Ayala
|
0-0: Ball 1-0: Ball 2-0: Ground out U3 (Groundball, 34S, EV 86.9 MPH)
|
| Top of the 2nd over - 0 runs, 0 hits, 0 errors, 0 left on base; Staten Island 0 - Everett 0 |
| BOTTOM OF THE 2ND |
|
Everett AquaSox batting - Pitching for Staten Island Yankees : LHP Alex Ramirez
|
|
Batting: RHB Ching-hsia Zhang
|
0-0: Fly out, F8 (Flyball, 8RD, EV 95.0 MPH)
|
|
Batting: RHB Danny Pujols
|
0-0: Ball 1-0: Foul Ball, location: 2F 1-1: SOLO HOME RUN (Flyball, 7D, EV 95.6 MPH), Distance : 364 ft
|
|
Batting: RHB Sal Cervantes
|
0-0: Ground out 2-3 (Groundball, 2R, EV 66.9 MPH)
|
|
Batting: SHB Tony Morales
|
0-0: Ball 1-0: Fly out, F8 (Flyball, 8RD, EV 103.8 MPH)
|
| Bottom of the 2nd over - 1 run, 1 hit, 0 errors, 0 left on base; Staten Island 0 - Everett 1 |
| TOP OF THE 3RD |
|
Staten Island Yankees batting - Pitching for Everett AquaSox : LHP Chris Wheeler
|
|
Batting: LHB Dario Segura
|
0-0: Called Strike 0-1: Foul Ball, location: 2F 0-2: Ball 1-2: Strikes out swinging
|
|
Batting: LHB Carlos Palau
|
0-0: Ball 1-0: Ball 2-0: Foul Ball, location: 2F 2-1: Foul Ball, location: 2F 2-2: Ball 3-2: Base on Balls
|
|
Batting: RHB Norimoto Miyanishi
|
0-0: Ball 1-0: Called Strike 1-1: Foul Ball, location: 2F 1-2: Ball 2-2: Foul Ball, location: 2F 2-2: Strikes out looking
|
|
Batting: RHB Edite Leoni
|
0-0: Called Strike Carlos Palau steals 2nd, throwing error, E2 Carlos Palau to third 0-1: Ground out 1-3 (Groundball, 13S, EV 69.4 MPH)
|
| Top of the 3rd over - 0 runs, 0 hits, 1 error, 1 left on base; Staten Island 0 - Everett 1 |
| BOTTOM OF THE 3RD |
|
Everett AquaSox batting - Pitching for Staten Island Yankees : LHP Alex Ramirez
|
|
Batting: RHB Egidius Kruger
|
0-0: Ball 1-0: Foul Ball, location: 2F 1-1: Swinging Strike 1-2: Ground out 1-3 (Groundball, 34S, EV 77.5 MPH)
|
|
Batting: RHB Tomokazu Sugimoto
|
0-0: Called Strike 0-1: Ball 1-1: Ball 2-1: Foul Ball, location: 2F 2-2: Fly out, F7 (Flyball, 78M, EV 96.2 MPH)
|
|
Batting: RHB John Vasquez
|
0-0: Called Strike 0-1: Reached on error, E5 (Groundball, 5, EV 84.4 MPH)
|
|
Batting: RHB Antonio Oyola
|
0-0: Called Strike John Vasquez steals 2nd base 0-1: Ball 1-1: Foul Ball, location: 2F 1-2: Strikes out looking
|
| Bottom of the 3rd over - 0 runs, 0 hits, 1 error, 1 left on base; Staten Island 0 - Everett 1 |
| TOP OF THE 4TH |
|
Staten Island Yankees batting - Pitching for Everett AquaSox : LHP Chris Wheeler
|
|
Batting: RHB Brad Wren
|
0-0: Ball 1-0: Ball 2-0: Ground out 6-3 (Groundball, 6, EV 80.6 MPH)
|
|
Batting: LHB Justin Short
|
0-0: Ball 1-0: Called Strike 1-1: Called Strike 1-2: Foul Ball, location: 2F 1-2: Ball 2-2: SINGLE (Groundball, 4MD, EV 100.6 MPH)
|
|
Batting: RHB Jesus Ruiz
|
0-0: Ball Wild Pitch! Justin Short to second 1-0: Foul Ball, location: 2F 1-1: Ground out 5-3 (Groundball, 56S, EV 88.1 MPH)
|
|
Batting: RHB Matt Thompson
|
0-0: Ground out 4-3 (Groundball, 4, EV 108.1 MPH)
|
| Top of the 4th over - 0 runs, 1 hit, 0 errors, 1 left on base; Staten Island 0 - Everett 1 |
| BOTTOM OF THE 4TH |
|
Everett AquaSox batting - Pitching for Staten Island Yankees : LHP Alex Ramirez
|
|
Batting: RHB Bryan Alfaro
|
0-0: Foul Ball, location: 2F 0-1: Called Strike 0-2: Strikes out swinging
|
|
Batting: RHB Ching-hsia Zhang
|
0-0: Foul Ball, location: 2F 0-1: Ball 1-1: Ball 2-1: Swinging Strike 2-2: Ball 3-2: Base on Balls
|
|
Batting: RHB Danny Pujols
|
0-0: Swinging Strike 0-1: Called Strike 0-2: Fielders Choice at 2nd, 6-4 (Groundball, 6, EV 110.0 MPH)
|
|
Batting: RHB Sal Cervantes
|
0-0: Ball 1-0: Fielders Choice at 2nd, 6-4 (Groundball, 6, EV 81.2 MPH)
|
| Bottom of the 4th over - 0 runs, 0 hits, 0 errors, 1 left on base; Staten Island 0 - Everett 1 |
| TOP OF THE 5TH |
|
Staten Island Yankees batting - Pitching for Everett AquaSox : LHP Chris Wheeler
|
|
Batting: RHB Danny Ayala
|
0-0: Foul Ball, location: 2F 0-1: Ball 1-1: Ball 2-1: Ground out 4-3 (Groundball, 34, EV 101.2 MPH)
|
|
Batting: LHB Dario Segura
|
0-0: Ball 1-0: Ground out 1-3 (Groundball, 13S, EV 67.5 MPH)
|
|
Batting: LHB Carlos Palau
|
0-0: Foul Ball, location: 2F 0-1: Ball 1-1: Ball 2-1: Ball 3-1: Foul Ball, location: 2F 3-2: Base on Balls
|
|
Batting: RHB Norimoto Miyanishi
|
0-0: Called Strike 0-1: Foul Ball, location: 2F 0-2: Ball 1-2: Ball Carlos Palau is caught stealing 2nd base 2-4
|
| Top of the 5th over - 0 runs, 0 hits, 0 errors, 0 left on base; Staten Island 0 - Everett 1 |
| BOTTOM OF THE 5TH |
|
Everett AquaSox batting - Pitching for Staten Island Yankees : LHP Alex Ramirez
|
|
Batting: SHB Tony Morales
|
0-0: Foul Ball, location: 2F 0-1: Ball 1-1: Ball 2-1: Foul Ball, location: 2F 2-2: Foul Ball, location: 2F 2-2: Ground out 1-3 (Groundball, 23, EV 70.6 MPH)
|
|
Batting: RHB Egidius Kruger
|
0-0: Ball 1-0: Ground out 5-3 (Groundball, 56, EV 86.2 MPH)
|
|
Batting: RHB Tomokazu Sugimoto
|
0-0: Swinging Strike 0-1: SINGLE (Flyball, 5D, EV 95.0 MPH)
|
|
Batting: RHB John Vasquez
|
0-0: Foul Ball, location: 2F 0-1: Ball 1-1: Ball 2-1: Ball 3-1: Base on Balls Tomokazu Sugimoto to second
|
|
Batting: RHB Antonio Oyola
|
0-0: Called Strike 0-1: Ball 1-1: Ball 2-1: Ball 3-1: TRIPLE (Flyball, 89XD, EV 105.6 MPH) Tomokazu Sugimoto scores John Vasquez scores
|
|
Pitching: LHP Matt Cusatis
|
|
|
Batting: RHB Bryan Alfaro
|
0-0: Ground out 5-3 (Groundball, 56, EV 83.1 MPH)
|
| Bottom of the 5th over - 2 runs, 2 hits, 0 errors, 1 left on base; Staten Island 0 - Everett 3 |
| TOP OF THE 6TH |
|
Staten Island Yankees batting - Pitching for Everett AquaSox : LHP Chris Wheeler
|
|
Batting: RHB Norimoto Miyanishi
|
0-0: Called Strike 0-1: Called Strike 0-2: Ball 1-2: Foul Ball, location: 2F 1-2: Ball 2-2: Foul Ball, location: 2F 2-2: Strikes out swinging
|
|
Batting: RHB Edite Leoni
|
0-0: Ball 1-0: Ground out 5-3 (Groundball, 5S, EV 60.6 MPH)
|
|
Batting: RHB Brad Wren
|
0-0: Called Strike 0-1: DOUBLE (Flyball, 78D, EV 91.2 MPH)
|
|
Batting: LHB Justin Short
|
0-0: Ball 1-0: Ball 2-0: Swinging Strike 2-1: Ball 3-1: Foul Ball, location: 2F 3-2: Strikes out looking
|
| Top of the 6th over - 0 runs, 1 hit, 0 errors, 1 left on base; Staten Island 0 - Everett 3 |
| BOTTOM OF THE 6TH |
|
Everett AquaSox batting - Pitching for Staten Island Yankees : LHP Matt Cusatis
|
|
Batting: RHB Ching-hsia Zhang
|
0-0: Ball 1-0: Ball 2-0: Called Strike 2-1: Ball 3-1: Ground out 1-3 (Groundball, P, EV 71.9 MPH)
|
|
Batting: RHB Danny Pujols
|
0-0: Ball 1-0: Called Strike 1-1: Ball 2-1: Called Strike 2-2: Ball 3-2: Strikes out swinging
|
|
Batting: RHB Sal Cervantes
|
0-0: SINGLE (Line Drive, 7LS, EV 94.4 MPH)
|
|
Batting: SHB Tony Morales
|
0-0: Ground out 5-3 (Groundball, 5L, EV 90.6 MPH)
|
| Bottom of the 6th over - 0 runs, 1 hit, 0 errors, 1 left on base; Staten Island 0 - Everett 3 |
| TOP OF THE 7TH |
|
Staten Island Yankees batting - Pitching for Everett AquaSox : LHP Chris Wheeler
|
|
Pitching: RHP Ke-yong Khoo
|
|
|
Batting: RHB Jesus Ruiz
|
0-0: Ball 1-0: SINGLE (Groundball, 6MD, EV 95.0 MPH)
|
|
Batting: RHB Matt Thompson
|
0-0: Called Strike 0-1: Ball 1-1: Fly out, F6 (Popup, 6, EV 56.2 MPH)
|
|
Batting: RHB Danny Ayala
|
0-0: Foul Ball, location: 2F 0-1: Called Strike 0-2: Strikes out swinging
|
|
Batting: LHB Dario Segura
|
0-0: Ball 1-0: Swinging Strike 1-1: Ball 2-1: 2-RUN HOME RUN (Flyball, 78XD, EV 108.1 MPH), Distance : 408 ft
|
|
Batting: LHB Carlos Palau
|
0-0: Ball 1-0: Ball 2-0: Ground out 5-3 (Groundball, 6S, EV 91.2 MPH)
|
| Top of the 7th over - 2 runs, 2 hits, 0 errors, 0 left on base; Staten Island 2 - Everett 3 |
| BOTTOM OF THE 7TH |
|
Everett AquaSox batting - Pitching for Staten Island Yankees : LHP Matt Cusatis
|
|
Batting: RHB Egidius Kruger
|
0-0: Ball 1-0: Ground out 5-3 (Groundball, 5L, EV 83.8 MPH)
|
|
Batting: RHB Tomokazu Sugimoto
|
0-0: Ground out 6-3 (Groundball, 6, EV 90.0 MPH)
|
|
Batting: RHB John Vasquez
|
0-0: Foul Ball, location: 2F 0-1: Ball 1-1: Swinging Strike 1-2: Ball 2-2: Strikes out looking
|
| Bottom of the 7th over - 0 runs, 0 hits, 0 errors, 0 left on base; Staten Island 2 - Everett 3 |
| TOP OF THE 8TH |
|
Staten Island Yankees batting - Pitching for Everett AquaSox : RHP Ke-yong Khoo
|
|
Pitching: RHP Jose Acevedo
|
|
|
Batting: RHB Norimoto Miyanishi
|
0-0: Called Strike 0-1: Ball 1-1: Called Strike 1-2: Strikes out swinging
|
|
Batting: RHB Edite Leoni
|
0-0: Called Strike 0-1: Swinging Strike 0-2: Strikes out swinging
|
|
Batting: RHB Brad Wren
|
0-0: Ball 1-0: Swinging Strike 1-1: Foul Ball, location: 2F 1-2: Strikes out swinging
|
| Top of the 8th over - 0 runs, 0 hits, 0 errors, 0 left on base; Staten Island 2 - Everett 3 |
| BOTTOM OF THE 8TH |
|
Everett AquaSox batting - Pitching for Staten Island Yankees : LHP Matt Cusatis
|
|
Batting: RHB Antonio Oyola
|
0-0: Called Strike 0-1: Foul Ball, location: 2F 0-2: Ball 1-2: Foul Ball, location: 2F 1-2: Ball 2-2: Foul Ball, location: 2F 2-2: Ball 3-2: Foul Ball, location: 2F 3-2: Base on Balls
|
|
Batting: RHB Bryan Alfaro
|
0-0: Ball 1-0: Called Strike 1-1: Foul Ball, location: 2F 1-2: Foul Ball, location: 2F 1-2: Foul Ball, location: 2F 1-2: Ball 2-2: SINGLE (Flyball, 3D, EV 86.9 MPH) Antonio Oyola to second
|
|
Pitching: RHP Francisco Rosado
|
|
|
Batting: RHB Ching-hsia Zhang
|
0-0: Foul Ball, location: 2F 0-1: Reached on error, E3 (Groundball, 3, EV 87.5 MPH) Antonio Oyola to third Bryan Alfaro to second
|
|
Batting: RHB Danny Pujols
|
0-0: Ball 1-0: Called Strike 1-1: Ball 2-1: Swinging Strike 2-2: Strikes out swinging
|
|
Batting: RHB Sal Cervantes
|
0-0: Ball 1-0: Called Strike 1-1: Called Strike 1-2: Fly out, F7 (Line Drive, 7S, EV 90.0 MPH)
|
|
Batting: SHB Tony Morales
|
0-0: Called Strike 0-1: Ball 1-1: Hit by Pitch Antonio Oyola scores Bryan Alfaro to third Ching-hsia Zhang to second
|
|
Batting: RHB Egidius Kruger
|
0-0: Swinging Strike 0-1: Ball 1-1: Foul Ball, location: 2F 1-2: DOUBLE (Popup, 5D, EV 51.2 MPH) Bryan Alfaro scores Ching-hsia Zhang scores Tony Morales to third Runner from 3rd tries for Home, SAFE, throw by SS to trailing runner, SAFE at third!
|
|
Batting: RHB Tomokazu Sugimoto
|
0-0: Ball 1-0: Ball 2-0: Foul Ball, location: 2F 2-1: Called Strike 2-2: Ball 3-2: Base on Balls
|
|
Batting: RHB John Vasquez
|
0-0: Called Strike 0-1: Ball 1-1: SINGLE (Line Drive, 6MD, EV 96.9 MPH) Egidius Kruger scores Tomokazu Sugimoto to second Runner from 2nd tries for 3rd, SAFE, throw by CF made to third
|
|
Pitching: RHP Kenny Samuels
|
|
|
Batting: RHB Antonio Oyola
|
0-0: Foul Ball, location: 2F 0-1: Swinging Strike Pickoff Throw to First - Out! 1-3
|
| Bottom of the 8th over - 5 runs, 3 hits, 1 error, 1 left on base; Staten Island 2 - Everett 8 |
| TOP OF THE 9TH |
|
Staten Island Yankees batting - Pitching for Everett AquaSox : RHP Jose Acevedo
|
|
Batting: LHB Justin Short
|
0-0: Called Strike 0-1: Foul Ball, location: 2F 0-2: Ball 1-2: Foul Ball, location: 2F 1-2: Ball 2-2: Foul Ball, location: 2F 2-2: Foul Ball, location: 2F 2-2: Ball 3-2: Fly out, F6 (Line Drive, 6, EV 68.8 MPH)
|
|
Batting: RHB Jesus Ruiz
|
0-0: Ball 1-0: Ball 2-0: Ball 3-0: Base on Balls
|
|
Batting: RHB Matt Thompson
|
0-0: Ball 1-0: Foul Ball, location: 2F 1-1: Swinging Strike 1-2: Grounds into double play, 6-4-3 (Groundball, 6, EV 83.8 MPH)
|
| Top of the 9th over - 0 runs, 0 hits, 0 errors, 0 left on base; Staten Island 2 - Everett 8 |
|